 Dungeon Crawl Stone Soup version 0.24.0-41-g2ae2f7f1be (webtiles) character file.

Game seed: 10797481113810020831, levelgen mode: deterministic

126 Goreval the Conjurer (level 4, -1/33 HPs)
             Began as a Draconian Conjurer on Dec 13, 2019.
             Splashed by Ijyb's acid (14 damage)
             ... on level 3 of the Dungeon.
             The game lasted 00:05:06 (2491 turns).

Goreval the Conjurer (Draconian Conjurer)           Turns: 2491, Time: 00:05:06

Health: -1/33      AC:  3    Str: 11    XL:     4   Next: 84%
Magic:  1/8        EV: 16    Int: 16    God:
Gold:   125        SH:  0    Dex: 11    Spells: 6/9 levels left

rFire    + . .     SeeInvis .   k - +2 hand axe (elec)
rCold    . . .     Gourm    .   (no shield)
rNeg     . . .     Faith    .   (armour unavailable)
rPois    .         Spirit   .   (helmet restricted)
rElec    .         Reflect  .   m - +0 cloak
rCorr    .         Harm     .   (no gloves)
MR       .....                  h - +0 pair of boots
Stlth    ++........             (no amulet)
HPRegen  0.11/turn              j - +4 ring of evasion
MPRegen  0.11/turn              i - ring of protection from fire

@: corroded
A: unfitting armour, cold-blooded, AC +5
a: no special abilities


You were on level 3 of the Dungeon.
You were not hungry.

You visited 1 branch of the dungeon, and saw 3 of its levels.

You collected 125 gold pieces.

Inventory:

Hand Weapons
 f - a +0 dagger of venom
 k - a +2 hand axe of electrocution (weapon)
Armour
 h - a +0 pair of boots (worn)
 m - a +0 cloak (worn)
Jewellery
 i - a ring of protection from fire (right hand)
 j - a +4 ring of evasion (left hand)
 l - an uncursed ring of positive energy
Scrolls
 a - 2 scrolls of remove curse {unknown}
 d - a scroll of teleportation {unknown}
 e - a scroll of random uselessness {unknown}
Potions
 c - a potion of agility {unknown}
 g - a potion of invisibility {unknown}
 n - a potion of berserk rage {unknown}
 p - a potion of curing {unknown}
Comestibles
 b - a ration
 o - 6 chunks of flesh


   Skills:
 - Level 2.0 Dodging
 - Level 2.0 Stealth
 + Level 3.0 Spellcasting
 * Level 5.5 Conjurations


You had 6 spell levels left.
You knew the following spells:

 Your Spells              Type           Power        Failure   Level  Hunger
a - Magic Dart            Conj           ###.         1%          1    #......
b - Searing Ray           Conj           ###...       3%          2    ##.....

Your spell library contained the following spells:

 Spells                   Type           Power        Failure   Level  Hunger
 Dazzling Spray           Conj/Hex       ##....       19%         3    ###....
 Iskenderun's Mystic Bla  Conj           ###.....     19%         4    #####..
 Force Lance              Conj/Tloc      ##......     52%         4    #####..
 Fulminant Prism          Conj/Hex       ##........   52%         4    #####..


Dungeon Overview and Level Annotations

Branches:
Dungeon (3/15)

Altars:
Ru
Vehumet

Annotations:
D:3 Ijyb


Innate Abilities, Weirdness & Mutations

Your plain brown scales are hard. (AC +5)
You cannot fit into any form of body armour.
You are cold-blooded and may be slowed by cold attacks.


Message History

You see here a worm corpse.
You butcher the worm corpse.
o - 6 chunks of flesh (gained 3)
There is an open door here.
Found a ring mail.
Ijyb the Twisted Goblin comes into view.
She is wielding a +0 club, wearing a +3 leather armour of poison resistance and carrying a wand of acid (7).
Okay, then.
Ijyb opens the door.
Found a sacrificial altar of Ru.
A bat and a kobold come into view.
Ijyb screams, "Me kill you!"
The bat moves out of view.
The kobold moves out of view.
You closely miss Ijyb. Ijyb barely misses you.
The searing ray misses Ijyb. (Press . to maintain the ray.) Ijyb zaps a wand.
The bolt of acid hits you!!
Ouch! That really hurt!
The acid corrodes you!
You are splashed with acid!
You die...

...##......#
.....).....#
..##......#
#......#
#......#
#......#
#......#
###......#
#.@......#
###g.....#
.#.....#
b.#..####
...##.# _.##
.# ... .#
K.# .#


You could see Ijyb.

Vanquished Creatures
  Terence (D:3)
  An orc wizard (D:3)
  2 adders (D:2)
  3 worms
  A dart slug (D:2)
  A leopard gecko (D:2)
  4 orcs (D:3)
  4 giant cockroaches
  6 goblins
  4 hobgoblins
  6 kobolds
  A quokka (D:2)
  3 bats
  4 frilled lizards
  3 rats
44 creatures vanquished.

Notes
Turn   | Place    | Note
-------+----------+-------------------------------------------
     0 | D:1      | Goreval the Draconian Conjurer began the quest for the Orb.
     0 | D:1      | Reached XP level 1. HP: 14/14 MP: 3/3
   630 | D:1      | Reached XP level 2. HP: 20/20 MP: 3/5
   664 | D:1      | Learned a level 2 spell: Searing Ray
  1612 | D:2      | Reached XP level 3. HP: 26/26 MP: 1/6
  1711 | D:2      | Found a radiant altar of Vehumet.
  1859 | D:3      | Noticed Terence
  1967 | D:3      | Killed Terence
  1967 | D:3      | Reached skill level 5 in Conjurations
  1967 | D:3      | Reached XP level 4. HP: 16/33 MP: 0/8
  2484 | D:3      | Noticed Ijyb
  2488 | D:3      | Found a sacrificial altar of Ru.
  2491 | D:3      | Splashed by Ijyb's acid

Levels and vault maps discovered:
D:1:      dpeg_arrival_water_temple_mockup, layout_basic, serial_curves,
          eino_curves_01, eino_curves_03, eino_curves_04,
          corexii_item_surrounded_by_moat, minmay_indecisive_spiral
D:2:      layout_loops_ring, nicolae_qazlal_style_of_elements,
          nicolae_overflow_hidden_temple
D:3:      layout_basic, hangedman_decor_slide_cut,
          nicolae_ru_great_annihilating_truth, uniq_natasha, uniq_terence,
          uniq_ijyb

Skill      XL: |  1  2  3  4 |
---------------+-------------+-----
Stealth        | 2 |  2.0
Dodging        | 2 |  2.0
Conjurations   | 5 |  5.5
Spellcasting   | 3 |  3.0

Action                   |  1- 3 |  4- 6 || total
-------------------------+-------+-------++-------
Melee: Unarmed           |     9 |       ||     9
       Dagger            |    34 |       ||    34
       Tailslap          |     4 |     4 ||     8
       Hand axe          |       |    27 ||    27
 Cast: Magic Dart        |    54 |     9 ||    63
       Searing Ray       |     2 |     2 ||     4
 Stab: Sleeping          |     1 |       ||     1
  Eat: Chunk             |     3 |     3 ||     6
Armor: Skin              |    12 |     4 ||    16
Dodge: Dodged            |    26 |    24 ||    50
